 Dungeon Crawl Stone Soup version 0.27.1-4-g1640c2035a (webtiles) character file.

Game seed: 14929496948831342825

7 Almogavar the Firebug (level 2, 0/20 HPs)
             Began as a Hill Orc Fire Elementalist on Nov 12, 2021.
             Slain by a rat (1 damage)
             ... on level 1 of the Dungeon.
             The game lasted 00:01:44 (159 turns).

Almogavar the Firebug (Hill Orc Fire Elementalist)   Turns: 159, Time: 00:01:45

Health: 0/20       AC:  2    Str: 10    XL:     2   Next: 0%
Magic:  0/4        EV: 12    Int: 15    God:
Gold:   0          SH:  0    Dex: 11    Spells: 3/4 levels left

rFire    . . .     SeeInvis .   (no weapon)
rCold    . . .     Faith    .   (no shield)
rNeg     . . .     Spirit   .   a - +0 robe
rPois    .         Reflect  .   (no helmet)
rElec    .         Harm     .   (no cloak)
rCorr    .         Rampage  .   (no gloves)
Will     .....                  (no boots)
Stlth    ++........             (no amulet)
HPRegen  0.06/turn              (no ring)
MPRegen  0.09/turn              (no ring)

@: no status effects
A: no striking features
a: no special abilities


You were on level 1 of the Dungeon.
You visited 1 branch of the dungeon, and saw 1 of its levels.

Inventory:

Armour
 a - a +0 robe (worn)
Potions
 b - a potion of magic {unknown}


   Skills:
 + Level 1.6 Dodging
 + Level 1.7 Stealth
 + Level 1.7 Spellcasting
 + Level 1.0 Conjurations
 + Level 3.5 Fire Magic


You had 3 spell levels left.
You knew the following spells:

 Your Spells              Type           Power      Damage    Failure   Level
a - Foxfire               Conj/Fire      32%        2x1d5     9%          1

Your spell library contained the following spells:

 Spells                   Type           Power      Damage    Failure   Level
 Conjure Flame            Conj/Fire      8%         6-21      26%         3
 Inner Flame              Hex/Fire       6%         N/A       32%         3
 Sticky Flame             Conj/Fire      8%         2d3       65%         4
 Fireball                 Conj/Fire      4%         3d4       94%         5


Dungeon Overview and Level Annotations

Branches:
Dungeon (1/15)

Altars:


Message History

The bat misses you. The bat closely misses you. The bat closely misses you.
The bat hits you but does no damage. The bat misses you.
The bat hits you but does no damage. The bat hits you.
* * * LOW HITPOINT WARNING * * *
The bat barely misses you.
Casting: Foxfire (safe; 10% risk of failure)
Confirm with . or Enter, or press ? or * to list all spells.
You conjure some foxfire!
The bat closely misses you.
Your foxfire dissipates!
The foxfire hits the endoplasm but does no damage.
The endoplasm is moderately wounded.
The bat completely misses you. The bat barely misses you.
The bat closely misses you. The bat closely misses you. The bat misses you.
The bat closely misses you. The bat hits you but does no damage.
The bat hits you but does no damage. The bat closely misses you.
The bat misses you.
Casting: Foxfire (safe; 10% risk of failure)
Confirm with . or Enter, or press ? or * to list all spells.
You conjure some foxfire!
The bat closely misses you.
The foxfire hits the bat.
The bat is severely wounded.
The endoplasm barely misses you.
The foxfire hits the bat.
You kill the bat!
The rat barely misses you.
You have reached level 2!
You see here a frilled lizard corpse.
You hit the endoplasm but do no damage.
The endoplasm is lightly wounded.
The rat closely misses you. The endoplasm closely misses you.
The endoplasm freezes you.
You are frozen.
* * * LOW HITPOINT WARNING * * *
The rat bites you.
You die...

#.......#.#...........
##......#...........#.
#....(.##......$...#.
######.##.....#......
##.##............
#..##............
###J###............
#..................
#.@JrJ.............
#..r.....#.........
#.†................
##...........#####r
#....?.......[..#.
##?..............#.
#..................
#............####..
#............# ##.


You could see 3 endoplasms and 2 rats.

Vanquished Creatures
  2 endoplasms (D:1)
  4 bats (D:1)
  A frilled lizard (D:1)
  A kobold (D:1)
8 creatures vanquished.

Vanquished Creatures (others)
  14 foxfires (D:1)
14 creatures vanquished.

Grand Total: 22 creatures vanquished

Notes
Turn   | Place    | Note
-------+----------+-------------------------------------------
     0 | D:1      | Almogavar the Hill Orc Fire Elementalist began the quest
                  | for the Orb.
     0 | D:1      | Reached XP level 1. HP: 14/14 MP: 3/3
   156 | D:1      | Reached XP level 2. HP: 6/20 MP: 0/4
   158 | D:1      | HP: 1/20 [frozen (5)]
   159 | D:1      | Slain by a rat

Illustrated notes

Levels and vault maps discovered:
D:1:      nicolae_arrival_somewhat_less_tricky_arrival, layout_basic,
          minmay_unequal

Action                   || total
-------------------------++-------
Melee: Unarmed           ||     1
 Cast: Foxfire           ||    11
Armor: Robe              ||    19
Dodge: Dodged            ||    43
